 Dungeon Crawl Stone Soup version 0.32-a0-42-ga30500b4d3 (webtiles) character file.

Game seed: 18253488174426231473

42331 seren the Black Sun (level 13, 0/93 HPs)
             Began as a Demonspawn Necromancer on Jan 30, 2024.
             Was a High Priest of Kikubaaqudgha.
             Slain by a death yak (11 damage)
             ... on level 4 of the Lair of Beasts.
             The game lasted 01:39:15 (23596 turns).

seren the Black Sun (Demonspawn Necromancer)       Turns: 23596, Time: 01:39:16

Health: 0/93       AC: 21    Str: 10    XL:     13   Next: 84%
Magic:  23/28      EV: 16    Int: 20    God:    Kikubaaqudgha [*****.]
Gold:   419        SH:  4    Dex: 15    Spells: 13/35 levels left

rFire   . . .        a - +2 dagger (pain)
rCold   . . .        (no shield)
rNeg    + . .        J - +4 Cigotuvi's embrace {Corpsefed rMiasma ^Drain rN+}
rPois   .            (helmet unavailable)
rElec   .            s - +2 cloak {rCorr}
rCorr   +            F - +0 pair of gloves
SInv    +            H - +0 pair of boots
Will    +....        Q - amulet of regeneration
Stlth   ++++         z - ring of willpower
HPRegen 1.15/turn    i - +4 ring of protection
MPRegen 0.21/turn

%: no passive effects
@: about to teleport
A: antennae 3, thin skeletal structure 1, icemail 1, powered by death 2,
condensation shield
a: Renounce Religion, Unearth Wretches, Torment


You were on level 4 of the Lair of Beasts.
You worshipped Kikubaaqudgha.
Kikubaaqudgha was extremely pleased with you.
You visited 4 branches of the dungeon, and saw 20 of its levels.

You collected 722 gold pieces.
You spent 303 gold pieces at shops.

Inventory:

Hand Weapons
 a - a +2 dagger of pain (weapon)
 b - a +1 dagger of electrocution
 U - the +4 short sword "Spiderslayer" {drain, rElec Str+3}
   (You found it on level 7 of the Dungeon)

   Str+3:     It affects your strength (+3).
   rElec:     It insulates you from electricity.
Missiles
 h - 16 boomerangs (quivered)
 o - 15 poisoned darts
 t - a curare-tipped dart
 v - 4 atropa-tipped darts
 w - 2 datura-tipped darts
 L - 3 throwing nets {!f}
Armour
 s - a +2 cloak of preservation (worn)
 F - a +0 pair of gloves (worn)
 H - a +0 pair of boots (worn)
 I - a +0 kite shield
 J - the +4 Cigotuvi's embrace (worn) {Corpsefed rMiasma ^Drain rN+}
   (You bought it in a shop on level 2 of the Dungeon)

   Corpsefed: It gathers nearby corpses to temporarily increase the armour it
   provides.
   rMiasma:   It protects you from foul pestilence.
   rN+:       It protects you from negative energy.
   ^Drain:    It drains your maximum health when unequipped.
Jewellery
 d - a ring of magical power
 i - a +4 ring of protection (right hand)
 j - a ring of resist corrosion
 z - a ring of willpower (left hand)
 M - a ring of willpower
 O - a ring of positive energy
 P - a ring of protection from cold
 Q - an amulet of regeneration (around neck)
 T - a +4 ring of protection
Wands
 m - a wand of digging (2)
 p - a wand of polymorph (11)
 r - a wand of iceblast (6)
 K - a wand of flame (26)
Scrolls
 f - 3 scrolls of revelation
 y - 3 scrolls of amnesia
 A - 2 scrolls of fog
 E - a scroll of poison
 G - a scroll of vulnerability
 N - 2 scrolls of silence
 S - 3 scrolls of teleportation {!r}
Potions
 e - 4 potions of enlightenment
 g - 3 potions of magic
 k - 2 potions of lignification
 l - a potion of brilliance
 n - a potion of mutation {!q}
 q - 2 potions of curing
 u - a potion of invisibility {unknown}
 x - a potion of attraction
 C - a potion of might
 R - a potion of ambrosia {unknown}
Miscellaneous
 B - a condenser vane


   Skills:
 - Level 6.0 Fighting
 - Level 5.0 Short Blades
 - Level 4.0 Armour
 - Level 9.0 Dodging
 - Level 5.0 Stealth
 - Level 8.0 Shields
 * Level 11.8 Spellcasting
 - Level 2.0 Hexes
 + Level 12.8 Necromancy
 + Level 3.3 Earth Magic
 - Level 5.0 Evocations


You had 13 spell levels left.
You knew the following spells:

 Your Spells              Type           Power      Damage    Failure   Level
a - Necrotise             Necr           100%       1d9       1%          1
b - Borgnjor's Vile Clut  Necr/Erth      22%        N/A       8%          5
c - Animate Dead          Necr           58%        N/A       1%          4
d - Curse of Agony        Necr           58%        N/A       1%          5
e - Anguish               Hex/Necr       20%        N/A       3%          4
v - Vampiric Draining     Necr           58%        2d10      1%          3

Your spell library contained the following spells:

 Spells                   Type           Power      Damage    Failure   Level
 Cigotuvi's Dreadful Rot  Necr/Alch/Air  56%        N/A       1%          2
 Fugue of the Fallen      Necr           58%        N/A       1%          3
 Martyr's Knell           Necr/Summ      37%        N/A       5%          4
 Death Channel            Necr           29%        N/A       6%          6
 Summon Small Mammal      Summ           44%        N/A       8%          1
 Ensorcelled Hibernation  Hex/Ice        30%        N/A       8%          2
 Tukima's Dance           Hex            19%        N/A       10%         3
 Scorch                   Fire           22%        2d5       12%         2
 Inner Flame              Hex/Fire       15%        N/A       16%         3
 Call Canine Familiar     Summ           11%        N/A       22%         3
 Flame Wave               Conj/Fire      11%        2d6       58%         4
 Passage of Golubria      Tloc           11%        N/A       58%         4
 Sticky Flame             Fire/Alch      11%        2d5       58%         4
 Summon Blazeheart Golem  Fire/Summ      11%        N/A       58%         4
 Yara's Violent Unravell  Hex/Alch       7%         3d5       80%         5
 Summon Cactus Giant      Summ           5%         N/A       100%        6


Dungeon Overview and Level Annotations

Branches:
Dungeon (13/15)            Temple (1/1) D:6            Lair (5/5) D:10
 Shoals (0/4) Lair:3        Snake (0/4) Lair:2        Slime (0/5) Lair:4
    Orc (1/2) D:10
 Vaults: D:13-14

Altars:
Ashenzari
Cheibriados
Dithmenos
Fedhas
Gozag
Hepliaklqana
Kikubaaqudgha
Makhleb
Nemelex Xobeh
Okawaru
Qazlal
Ru
Sif Muna
Trog
Uskayaw
Vehumet
Wu Jian
Xom
Yredelemnul
Jiyva

Shops:
D:2 [

Portals:
Abyss: D:5

Annotations:
D:5 2 transporters, nago's ghost, novice OnAE
D:8 1 transporter
D:9 exclusion: downstairs
D:11 exclusion: gargoyle
D:12 deep elf pyro, exclusions: deep elf pyromancer, downstairs and vampire
D:13 Jorgrun
Lair:4 exclusion: downstairs
Orc:1 exclusions: ettin and kobold blastminer


Innate Abilities, Weirdness & Mutations

You have a pair of large antennae on your head. (SInv)
You have a somewhat thin skeletal structure. (Dex +2, Stealth+)
A meltable icy envelope protects you from harm. (AC +4)
You regenerate health from kills.
A meltable shield of frost defends you. (SH +4)


Message History

The death yak gores you!
* * * LOW HITPOINT WARNING * * *
The death yak closely misses you.
There is a stone staircase leading up, spattered with blood here.
The death yak gores you but does no damage.
The death yak completely misses you. The death yak gores you!!
* * * LOW HITPOINT WARNING * * *
The death yak gores you but does no damage.
The death yak closely misses you.
You climb upwards.
Level annotation: exclusion: downstairs
There is a stone staircase leading down, spattered with blood here.
As you read the scroll labelled AGEAXT LAOTT, it crumbles to dust.
It is a scroll of enchant armour.
Your +1 cloak of preservation glows green for a while.
The death yak gores you.
* * * LOW HITPOINT WARNING * * *
The death yak closely misses you. x2
The death yak gores you but does no damage.
The death yak gores you.
* * * LOW HITPOINT WARNING * * *
As you read the scroll of teleportation {!r}, it crumbles to dust.
You feel strangely unstable. The death yak completely misses you.
The death yak gores you but does no damage.
The death yak barely misses you.
The death yak gores you but does no damage.
The death yak misses you.
Casting: Animate Dead (safe; 1% risk of failure)
Confirm with . or Enter, or press ? or * to list all spells.
Aiming: Borgnjor's Vile Clutch (dangerous; 8% risk of failure)
Press: ? - help, Shift-Dir - straight line, f - death yak
Aim: a death yak (100% to hit)
Zombie hands grab the death yak.
The zombie hands constrict the death yak.
The death yak gores you but does no damage.
The death yak misses you. The death yak gores you.
* * * LOW HITPOINT WARNING * * *
The death yak misses you. The death yak gores you!
You die...
Kikubaaqudgha rasps: "You have failed me!
Welcome... death!"

.## #...# ..## ###..##
...### #####....##
#P...###.P#......##
####...#...##.#...##
##.....#..##..#.# #
##...#.#......##
######..##.....Y#Y.##
...#...#.#.....Y@#..##
......###......YY#..P#
......##.............##
.....##.#..........#..####
.....####........###...#.##
....## #.......## ##...#.#
....# #.......## #.....#
....# #.######.# ##.#P.#
.#### ### ### ######


You could see 5 death yaks.

Vanquished Creatures
  2 hydras
  2 boulder beetles (Lair:4)
  4 death yaks
  2 skysharks (Lair:4)
  A lindwurm (Lair:4)
  A deep elf pyromancer (D:12)
  3 harpies
  2 cyclopes
  An ugly thing (D:12)
  A moth of wrath (D:7)
  4 black mambas
  3 elephants (Lair:3)
  Joseph (D:8)
  Maggie (D:8)
  11 cane toads
  An unseen horror (D:12)
  3 rime drakes
  8 komodo dragons
  A merfolk (D:9)
  2 polar bears
  2 trolls
  A hornet (Lair:1)
  8 blink frogs
  14 dream sheep
  4 slime creatures (Lair:4)
  3 wraiths
  A wyvern (Lair:4)
  47 yaks
  A fire bat (Lair:3)
  2 vampire mosquitoes (D:7)
  A basilisk (Lair:2)
  Grum (Lair:2)
  2 steam dragons (D:10)
  A naga (Lair:2)
  4 acid dragons
  A swamp worm (Lair:3)
  6 water moccasins
  4 orc warriors
  A black bear (Lair:4)
  5 centaurs
  4 wolves (Lair:2)
  A phantom (D:7)
  6 bullfrogs
  2 kobold brigands
  2 scorpions
  2 gnoll sergeants (D:9)
  14 killer bees
  4 hounds
  3 jellies
  A bombardier beetle (D:5)
  2 gnoll boudas
  Crazy Yiuf (D:7)
  An orc priest (D:8)
  2 sleepcaps
  An iguana (D:6)
  7 orc wizards
  Ijyb (D:3)
  9 adders
  26 gnolls
  2 ufetubi (D:6)
  A dart slug (D:2)
  6 ribbon worms
  39 orcs
  4 ball pythons
  4 endoplasms
  2 giant cockroaches
  8 goblins
  4 hobgoblins
  18 kobolds
  4 quokkas
  4 bats
  5 frilled lizards
  7 rats
360 creatures vanquished.

Vanquished Creatures (collateral kills)
  A hydra (Lair:4)
  An elephant (Lair:3)
  3 cane toads
  A komodo dragon (Lair:3)
  2 blink frogs (Lair:3)
  A fire elemental (Lair:3)
  6 yaks
  3 fire bats (Lair:3)
  2 swamp worms (Lair:3)
  2 water moccasins
  An orc warrior (D:10)
  A centaur (D:9)
  2 bullfrogs
  A killer bee (D:10)
  An orc priest (D:10)
  3 gnolls (D:9)
  A shadow imp (D:8)
  An orc (D:10)
  A hobgoblin (D:1)
  A frilled lizard (D:2)
  2 rats (D:1)
37 creatures vanquished.

Vanquished Creatures (others)
  A merfolk zombie (D:9)
  A cane toad zombie (Lair:3)
  An elephant zombie (Lair:3)
  A komodo dragon zombie (Lair:3)
  A water moccasin zombie (Lair:4)
  7 yak zombies
  3 wolf zombies (Lair:2)
  A centaur zombie (D:9)
  A killer bee zombie (D:10)
  A steam dragon zombie (D:10)
  4 gnoll zombies (D:9)
  2 kobolds (D:8)
  2 orc zombies (D:9)
  A rat zombie (D:7)
27 creatures vanquished.

Grand Total: 424 creatures vanquished

Notes
Turn   | Place    | Note
-------+----------+-------------------------------------------
     0 | D:1      | seren the Demonspawn Necromancer began the quest for the
                  | Orb.
     0 | D:1      | Reached XP level 1. HP: 13/13 MP: 3/3
   320 | D:1      | Gained mutation: You have a somewhat thin skeletal
                  | structure. (Dex +2, Stealth+) [demonic ancestry]
   320 | D:1      | Reached XP level 2. HP: 19/19 MP: 3/5
  1105 | D:2      | Gained mutation: A meltable shield of frost defends you.
                  | (SH +4) [demonic ancestry]
  1105 | D:2      | Reached XP level 3. HP: 24/24 MP: 6/6
  1155 | D:2      | Found Wekeuk's Armour Shoppe.
  1533 | D:2      | Learned a level 3 spell: Vampiric Draining
  2147 | D:3      | Noticed Ijyb
  2183 | D:3      | Reached XP level 4. HP: 24/30 MP: 7/7
  2190 | D:3      | Killed Ijyb
  2191 | D:3      | Reached skill level 5 in Necromancy
  2423 | D:3      | Found a faded altar of an unknown god.
  2429 | D:3      | Reached XP level 5. HP: 35/35 MP: 9/9
  3086 | D:4      | Found a basalt altar of Yredelemnul.
  3489 | D:4      | Reached skill level 1 in Short Blades
  3619 | D:5      | Entered Level 5 of the Dungeon
  3673 | D:5      | Gained mutation: You regenerate a little health from kills.
                  | [demonic ancestry]
  3673 | D:5      | Reached XP level 6. HP: 36/41 MP: 11/11
  3739 | D:5      | Found a transporter.
  3834 | D:5      | Found a one-way gate to the infinite horrors of the Abyss.
  3834 | D:5      | Noticed nago's ghost (novice OnAE)
  3837 | D:5      | Noticed a small abomination
  3838 | D:5      | Noticed a small abomination
  3865 | D:5      | Found a transporter.
  4568 | D:6      | Reached XP level 7. HP: 31/46 MP: 12/12
  4887 | D:6      | Reached skill level 6 in Necromancy
  5017 | D:6      | Found an ornate altar of the Wu Jian Council.
  5101 | D:6      | Found a staircase to the Ecumenical Temple.
  5275 | D:6      | Learned a level 4 spell: Animate Dead
  5478 | Temple   | Entered the Ecumenical Temple
  6530 | D:7      | Noticed a vampire mosquito
  6603 | D:7      | Gained mutation: You have a pair of small antennae on your
                  | head. [demonic ancestry]
  6603 | D:7      | Reached XP level 8. HP: 42/53 MP: 14/14
  6818 | D:7      | Reached skill level 1 in Fighting
  6848 | D:7      | Found a snail-covered altar of Cheibriados.
  6848 | D:7      | Found a blossoming altar of Fedhas.
  6848 | D:7      | Found an ancient bone altar of Kikubaaqudgha.
  6913 | D:7      | Found a runed translucent door.
  6914 | D:7      | Noticed Crazy Yiuf
  6964 | D:7      | Killed Crazy Yiuf
  6969 | D:7      | Identified the +7 hammer "Letoninu" {freeze, +Blink Str+5
                  | Int+3}
  7126 | D:7      | Reached skill level 1 in Armour
  7223 | D:7      | Found a shadowy altar of Dithmenos.
  7234 | D:7      | Became a worshipper of Kikubaaqudgha
  7470 | D:7      | Learned a level 5 spell: Curse of Agony
  7493 | D:8      | Found a transporter.
  7521 | D:8      | Found a transporter.
  7530 | D:8      | Noticed Joseph
  7543 | D:8      | Killed Joseph
  7544 | D:8      | Reached skill level 7 in Necromancy
  7750 | D:8      | Found a transporter.
  7824 | D:8      | Found a transporter.
  8187 | D:2      | Bought the +4 Cigotuvi's embrace {Corpsefed rMiasma ^Drain
                  | rN+} for 303 gold pieces
  8187 | D:2      | Found the +4 Cigotuvi's embrace {Corpsefed rMiasma ^Drain
                  | rN+}
  8468 | D:8      | Reached XP level 9. HP: 61/61 MP: 16/16
  8487 | D:8      | Reached skill level 5 in Dodging
  8487 | D:8      | Reached skill level 5 in Spellcasting
  8589 | D:8      | Noticed Maggie
  8613 | D:8      | Killed Maggie
  8614 | D:8      | Reached skill level 8 in Necromancy
  8614 | D:8      | Reached * piety under Kikubaaqudgha
  8614 | D:8      | Received a gift from Kikubaaqudgha
  8836 | D:8      | Found a basalt altar of Yredelemnul.
  9419 | D:9      | Noticed a troll
  9572 | D:8      | Reached skill level 9 in Necromancy
  9856 | D:9      | Killed a troll
 10207 | D:9      | Gained mutation: You have a pair of antennae on your head.
                  | [demonic ancestry]
 10207 | D:9      | Reached XP level 10. HP: 67/67 MP: 20/20
 10629 | D:9      | Found a basalt altar of Yredelemnul.
 10690 | D:9      | Identified the +12 long sword of the Mouth {heavy, ^Fragile
                  | MP+9 Str+4}
 11282 | D:10     | Entered Level 10 of the Dungeon
 11282 | D:10     | Noticed a death yak
 11282 | D:10     | Found a staircase to the Lair.
 11495 | D:10     | Noticed a +0 spear
 11495 | D:10     | Noticed a +0 falchion
 11496 | D:10     | Noticed a +0 dagger
 11496 | D:10     | Noticed a +0 dagger
 11497 | D:10     | Noticed a +0 falchion
 11498 | D:10     | Noticed a +0 spear
 11498 | D:10     | Noticed a +0 short sword
 11499 | D:10     | Noticed a +0 short sword
 11506 | D:10     | Found a hide-covered altar of Uskayaw.
 11616 | D:10     | Noticed a death yak
 11768 | D:10     | Noticed a death yak
 11864 | D:11     | Reached skill level 10 in Necromancy
 11910 | D:11     | Noticed a gargoyle
 12414 | D:10     | Reached skill level 1 in Shields
 12422 | D:10     | Reached ** piety under Kikubaaqudgha
 12480 | D:10     | Found a staircase to the Orcish Mines.
 12741 | Lair:1   | Entered Level 1 of the Lair of Beasts
 12741 | Lair:1   | Noticed a cane toad
 13346 | D:11     | Noticed a cyclops
 13370 | D:11     | Killed a cyclops
 13952 | Orc:1    | Entered Level 1 of the Orcish Mines
 13970 | Orc:1    | Gained mutation: You regenerate health from kills. [demonic
                  | ancestry]
 13970 | Orc:1    | Reached XP level 11. HP: 72/72 MP: 15/23
 14016 | Orc:1    | Noticed an ettin
 14138 | D:10     | Learned a level 4 spell: Anguish
 14213 | D:12     | Noticed a white ugly thing
 14327 | D:12     | Killed a white ugly thing
 14389 | D:12     | Noticed a deep elf pyromancer
 14695 | D:12     | Reached skill level 1 in Hexes
 14863 | D:12     | Killed a deep elf pyromancer
 14864 | D:12     | Reached skill level 11 in Necromancy
 15282 | D:12     | Noticed a deep elf pyromancer
 15465 | D:13     | Noticed Jorgrun
 15465 | D:13     | Noticed a skeletal warrior
 15465 | D:13     | Noticed a skeletal warrior
 15465 | D:13     | Noticed a deep elf pyromancer
 15465 | D:13     | Noticed a cyan ugly thing
 15466 | D:13     | Noticed a skeletal warrior
 15466 | D:13     | Noticed a skeletal warrior
 15594 | D:9      | Killed a death yak
 15660 | D:9      | Killed a death yak
 15820 | D:10     | Killed a death yak
 16421 | Lair:1   | Reached skill level 5 in Stealth
 16951 | Lair:2   | Gained mutation: You have a pair of large antennae on your
                  | head. (SInv) [demonic ancestry]
 16951 | Lair:2   | Reached XP level 12. HP: 81/81 MP: 25/25
 16967 | Lair:2   | Found a staircase to the Snake Pit.
 17055 | Lair:2   | Noticed Grum
 17063 | Lair:2   | Killed Grum
 17131 | Lair:1   | Reached skill level 5 in Shields
 17160 | Lair:2   | Reached skill level 5 in Evocations
 17325 | Lair:2   | Found a frozen archway.
 17581 | Lair:2   | Reached *** piety under Kikubaaqudgha
 17581 | Lair:2   | Received a gift from Kikubaaqudgha
 18047 | Lair:2   | Learned a level 5 spell: Borgnjor's Vile Clutch
 18275 | Lair:3   | Reached skill level 10 in Spellcasting
 18364 | Lair:3   | Found the Hermit's Pendant {Faith Invo=14 Evo=0 MP+5}
 18626 | Lair:3   | Reached skill level 5 in Short Blades
 18734 | Lair:3   | Reached skill level 12 in Necromancy
 18763 | Lair:3   | Found a staircase to the Shoals.
 19337 | Lair:4   | Noticed a boulder beetle
 19487 | Lair:4   | Noticed a six-headed hydra
 19632 | Lair:5   | Entered Level 5 of the Lair of Beasts
 19632 | Lair:5   | Noticed a four-headed hydra
 19740 | Lair:4   | Found a viscous altar of Jiyva.
 19869 | Lair:4   | Gained mutation: A meltable icy envelope protects you from
                  | harm. (AC +4) [demonic ancestry]
 19869 | Lair:4   | Reached XP level 13. HP: 90/90 MP: 27/27
 19875 | Lair:4   | Found a staircase to the Slime Pits.
 19902 | Lair:4   | Reached **** piety under Kikubaaqudgha
 20145 | Lair:4   | Reached skill level 1 in Earth Magic
 20934 | Lair:3   | Reached skill level 5 in Fighting
 22411 | Lair:5   | Reached ***** piety under Kikubaaqudgha
 23215 | D:7      | Found a bloodstained altar of Trog.
 23304 | D:7      | Identified the +4 short sword "Spiderslayer" {drain, rElec
                  | Str+3}
 23596 | Lair:4   | Slain by a death yak

Illustrated notes

Levels and vault maps discovered:
D:1:      denvon_arrival_waterhouse, layout_basic, hangedman_decor_points
D:2:      layout_basic, serial_shops, nicolae_shop_tiny_real_fake_doors
D:3:      layout_basic, ebering_ecumenical_altar_webs, serial_bayou,
          serial_bayou_pond_e, serial_bayou_lagoon_b, serial_bayou_pond_c,
          serial_bayou_pond_c, serial_bayou_crossing, minmay_misc_feat_columns,
          minmay_misc_feat_tiny, uniq_ijyb
D:4:      nicolae_cairo_tiling, layout_basic, mainiacjoe_overflow_tiny_flanked
D:5:      layout_basic, gammafunk_ghost_abyssal_escape
D:6:      layout_basic, nzn_wu_jian_contemplation,
          minmay_temple_entry_statues_pillars, minmay_misc_feat_x,
          nicolae_the_louvre
D:7:      layout_basic, tgw_trog, grunt_temple_overflow_open,
          serial_park_tiny_pond, uniq_crazy_yiuf_cottage
D:8:      layout_basic, hangedman_feature_mirror,
          nicolae_transporter_intersection, uniq_maggie, uniq_joseph
D:9:      layout_stronghold, roadster_trireme
D:10:     kennysheep_steamy, layout_irregular_city, nicolae_uskayaw_en_pointe,
          dpeg_lair_monsters, orc_0_dummy
D:11:     layout_irregular_city
D:12:     layout_loops_ring, serial_co_window_serial,
          co_window_of_opportunity_a, co_window_paths_a, co_window_paths_b,
          co_window_of_opportunity_a, co_window_paths_b, co_window_paths_a,
          co_window_corner_a, co_window_broadway_c, co_window_broadway_a,
          co_window_of_opportunity_c, co_window_paths_c, co_window_corner_ca
D:13:     evilmike_makhleb_hellhole, layout_basic, uniq_jorgrun
Temple:   oiseaux_autumnal_temple
Lair:1:   layout_gridlike, chequers_serial_rivers_room_a
Lair:2:   beargit_carnivore_pack, layout_gridlike, guppyfry_snake_entry_garden,
          portal_ice_cave_entry_pillars_2
Lair:3:   layout_gridlike, nicolae_shoals_entry_roost, worms_lemuel
Lair:4:   layout_cave_pods, minmay_slime_entry_pillars
Lair:5:   evil_forest, layout_big_grid, gammafunk_lair_bear_cave
Orc:1:    layout_diamond_mine, lightli_church_of_beogh

Skill      XL: |  1  2  3  4  5  6  7  8  9 10 11 12 13 |
---------------+----------------------------------------+-----
Stealth        | 2 3 4 5 |  5.0
Dodging        | 2 3 4 5 6 7 8 9 |  9.0
Necromancy     | 5 6 7 9 10 11 12 | 12.8
Spellcasting   | 3 4 6 8 9 10 11 | 11.8
Short Blades   | 1 2 3 4 5 |  5.0
Fighting       | 2 3 4 6 |  6.0
Armour         | 2 3 4 |  4.0
Evocations     | 3 4 5 |  5.0
Shields        | 2 4 6 8 |  8.0
Hexes          | 2 |  2.0
Earth Magic    | 3 |  3.3

Action                     |  1- 3 |  4- 6 |  7- 9 | 10-12 | 13-15 || total
---------------------------+-------+-------+-------+-------+-------++-------
  Melee: Dagger            |    57 |   114 |   409 |   598 |   452 ||  1630
         Unarmed           |     3 |     8 |       |       |       ||    11
         Punch             |       |     1 |     1 |     6 |    10 ||    18
         Short sword       |       |       |       |     9 |       ||     9
  Throw: Dart              |       |       |       |    14 |       ||    14
         Boomerang         |       |       |       |     2 |     5 ||     7
   Cast: Necrotise         |    44 |     9 |     6 |     1 |       ||    60
         Vampiric Draining |       |       |    26 |    19 |     2 ||    47
         Animate Dead      |       |       |     4 |    13 |     5 ||    22
         Curse of Agony    |       |       |     3 |    72 |    14 ||    89
         Borgnjor's Vile C |       |       |       |     1 |     8 ||     9
  Evoke: Wand              |       |       |     8 |     5 |    10 ||    23
         Condenser vane    |       |       |       |       |     1 ||     1
    Use: Scroll            |       |       |     6 |    11 |     6 ||    23
         Potion            |       |       |     6 |     6 |     2 ||    14
   Stab: Sleeping          |     8 |    13 |     7 |     9 |     2 ||    39
         Distracted        |       |       |     2 |     9 |     2 ||    13
 Armour: Robe              |    49 |    55 |   158 |       |       ||   262
         Skin              |       |     2 |       |     4 |       ||     6
         Leather armour    |       |       |   117 |   467 |   303 ||   887
  Dodge: Dodged            |    33 |    56 |   277 |   429 |   265 ||  1060
  Block: Other             |     8 |    19 |    72 |   105 |    72 ||   276

Table legend: (Time is in decaauts)
 A = Elapsed time spent in this place.
 B = Non-inter-level travel time spent in this place.
 C = Inter-level travel time spent in this place.
 D = Time resting spent in this place.
 E = Time spent auto-exploring this place.
 F = Levels seen in this place.
 G = Mean time per level.
                   A        B        C        D        E       F      G
               +--------+--------+--------+--------+--------+-----+--------+
         Total |  23459 |  20587 |   2872 |   2060 |   9967 |  20 | 1172.9 |
       Dungeon |  16294 |  14410 |   1884 |   1527 |   7236 |  13 | 1253.4 |
        Temple |      3 |      3 |      0 |      0 |      0 |   1 |    3.0 |
          Lair |   7092 |   6105 |    987 |    533 |   2701 |   5 | 1418.4 |
  Orcish Mines |     69 |     69 |      0 |      0 |     30 |   1 |   69.0 |
               +--------+--------+--------+--------+--------+-----+--------+

Top non-repeatable levels by time:
  Lair:4: 2732 daAuts
     D:9: 2391 daAuts
     D:8: 1783 daAuts
    D:10: 1780 daAuts
     D:7: 1613 daAuts
     D:6: 1575 daAuts
  Lair:3: 1491 daAuts
  Lair:2: 1191 daAuts
    D:12: 1153 daAuts
  Lair:1: 1135 daAuts
     D:5: 1126 daAuts
    D:11: 1098 daAuts
     D:2: 1056 daAuts
     D:3: 1037 daAuts
     D:1: 1022 daAuts
